 Dungeon Crawl Stone Soup version 0.31-a0-664-g902f515a81 (webtiles) character file.

Game seed: 12158440243392788278

1969 randomguy2701 the Cleaver (level 9, 0/78 HPs)
             Began as a Hill Orc Fighter on Sept 2, 2023.
             Was an Initiate of Beogh.
             Slain by Joseph
             ... wielding a +0 quarterstaff
              (16 damage)
             ... on level 7 of the Dungeon.
             The game lasted 00:06:13 (6301 turns).

randomguy2701 the Cleaver (Hill Orc Fighter)        Turns: 6301, Time: 00:06:13

Health: 0/78       AC:  7    Str: 21    XL:     9   Next: 20%
Magic:  9/9        EV:  8    Int:  8    God:    Beogh [......]
Gold:   252        SH: 13    Dex: 12    Spells: 8/8 levels left

rFire   . . .        a - +0 war axe
rCold   . . .        q - +0 tower shield
rNeg    . . .        b - +0 scale mail
rPois   .            (no helmet)
rElec   .            (no cloak)
rCorr   .            (no gloves)
SInv    .            (no boots)
Will    .....        p - amulet of the acrobat Stlth
                     (no ring)
HPRegen 0.33/turn    (no ring)
MPRegen 0.11/turn

%: acrobat
@: no status effects
A: no striking features
a: Renounce Religion


You were on level 7 of the Dungeon.
You worshipped Beogh.
Beogh was noncommittal.
You visited 1 branch of the dungeon, and saw 7 of its levels.

You collected 252 gold pieces.

Inventory:

Hand Weapons
 a - a +0 war axe (weapon)
Missiles
 i - a throwing net
Armour
 b - a +0 scale mail (worn)
 c - a +0 buckler
 q - a +0 tower shield (worn)
Jewellery
 p - an amulet of the acrobat (around neck)
 s - a +6 ring of strength
Wands
 g - a wand of charming (27)
Scrolls
 f - 2 scrolls of teleportation {unknown}
 h - a scroll of brand weapon {unknown}
 k - 3 scrolls of immolation {unknown}
 l - 2 scrolls of fear {unknown}
 m - 3 scrolls of blinking {unknown}
 o - 4 scrolls of identify {unknown}
 r - a scroll of enchant weapon {unknown}
 t - a scroll of fog {unknown}
 u - a scroll of poison {unknown}
Potions
 d - a potion of might
 e - 3 potions of curing {unknown}
 j - 3 potions of attraction {unknown}
 n - 2 potions of brilliance {unknown}


   Skills:
 + Level 6.9 Fighting
 + Level 9.6 Axes
 + Level 6.6 Armour
 + Level 2.7 Dodging
 - Level 0.3 Stealth
 + Level 5.9 Shields
 * Level 0.7 Invocations
 + Level 0.1 Evocations


You had 8 spell levels left.
You didn't know any spells.
Your spell library contained the following spells:

 Spells                   Type           Power      Damage    Failure   Level
 Lesser Beckoning         Tloc           0%         N/A       100%        2
 Gell's Gravitas          Tloc           0%         N/A       100%        3
 Inner Flame              Hex/Fire       0%         N/A       100%        3
 Teleport Other           Tloc           0%         N/A       100%        3
 Flame Wave               Conj/Fire      0%         2d4       100%        4
 Sticky Flame             Conj/Fire      0%         2d3       100%        4


Dungeon Overview and Level Annotations

Branches:
Dungeon (7/15)
 Temple: D:4-7

Altars:
Vehumet

Shops:
D:5 :

Annotations:
D:7 Joseph


Message History

You block the orc's attack. You block Joseph's attack.
The sky beast barely misses you. The orc hits you with a +0 flail.
You slash Joseph!
Joseph is moderately wounded.
You barely miss the sky beast. You hit the orc but do no damage.
Joseph hits you with a +0 quarterstaff! The sky beast closely misses you.
You block the orc's attack. Joseph hits you with a +0 quarterstaff!
You barely miss Joseph.
Joseph is moderately wounded.
You slash the sky beast! You barely miss the orc. You block the orc's attack.
You block the sky beast's attack. You block Joseph's attack.
You closely miss the orc.
The orc is moderately wounded.
You slash the sky beast! You barely miss Joseph.
The sky beast hits you but does no damage.
You block the orc's attack. Joseph barely misses you.
You block the sky beast's attack. The orc barely misses you.
You slash the orc!
You kill the orc!
Beogh accepts your kill.
You barely miss the sky beast. You slash Joseph! Joseph barely misses you.
The sky beast hits you. The sky beast shocks you.
Joseph zaps a wand.
You easily resist.
You hit Joseph.
Joseph is heavily wounded.
You hit the sky beast.
You kill the sky beast!
Beogh accepts your kill.
You hit the shadow imp but do no damage.
You block the shadow imp's attack. Joseph barely misses you.
You hit Joseph.
Joseph is heavily wounded.
You hit the shadow imp but do no damage.
The shadow imp hits you. Joseph hits you with a +0 quarterstaff!
* * * LOW HITPOINT WARNING * * *
The shadow imp closely misses you.
You slash Joseph!
Joseph is severely wounded.
You closely miss the shadow imp. Joseph hits you with a +0 quarterstaff!
You die...

### ## .. ...
#####.#....
#.........#
#.........#
#.#..@@.....#
#..<.5.....#
#.#....$....#
#.#...........
#...........
#...>.......
#..........[
#.###.......
#. ...###


You could see Joseph and a shadow imp.

Vanquished Creatures
  3 water moccasins
  An ice beast (D:4)
  A sky beast (D:7)
  A black bear (D:6)
  2 ogres
  A phantom (D:5)
  Blork the orc (D:5)
  2 bullfrogs
  2 scorpions
  A howler monkey (D:5)
  7 hounds
  2 jellies
  A gnoll bouda (D:5)
  2 sleepcaps
  Jessica (D:3)
  Natasha (thrice) (D:2)
  5 iguanas
  6 gnolls
  8 adders
  A white imp (D:6)
  An ufetubus (D:6)
  5 dart slugs
  7 orcs
  5 endoplasms
  2 giant cockroaches
  4 goblins
  5 hobgoblins
  5 jackals (D:1)
  9 kobolds
  2 quokkas
  14 ball pythons
  3 bats
  A frilled lizard (D:2)
  8 rats
122 creatures vanquished.

Vanquished Creatures (others)
  A scorpion (D:6)
  An orc priest (D:6)
  2 orcs (D:6)
4 creatures vanquished.

Grand Total: 126 creatures vanquished

Notes
Turn   | Place    | Note
-------+----------+-------------------------------------------
     0 | D:1      | randomguy2701 the Hill Orc Fighter began the quest for the
                  | Orb.
     0 | D:1      | Reached XP level 1. HP: 19/19 MP: 1/1
   110 | D:1      | Reached XP level 2. HP: 21/27 MP: 2/2
   120 | D:1      | Reached skill level 3 in Axes
   239 | D:1      | Reached XP level 3. HP: 17/33 MP: 3/3
   736 | D:2      | Reached XP level 4. HP: 31/40 MP: 4/4
   832 | D:2      | Reached skill level 4 in Axes
  1208 | D:2      | Noticed Natasha
  1209 | D:2      | Found a radiant altar of Vehumet.
  1218 | D:2      | Killed Natasha
  1244 | D:2      | Identified the +4 sling of Karma {heavy, rPois rF- rC+}
  1271 | D:2      | Found a faded altar of an unknown god.
  1547 | D:2      | Noticed Natasha
  1556 | D:2      | Killed Natasha
  1557 | D:2      | Reached XP level 5. HP: 29/47 MP: 5/5
  1841 | D:2      | Noticed Natasha
  1846 | D:2      | Killed Natasha
  2329 | D:3      | Noticed Jessica
  2335 | D:3      | Killed Jessica
  2336 | D:3      | Reached skill level 5 in Axes
  2537 | D:4      | Reached skill level 1 in Dodging
  2537 | D:4      | Reached XP level 6. HP: 52/55 MP: 6/6
  2563 | D:4      | Reached skill level 5 in Fighting
  2600 | D:4      | Noticed an ice beast
  2623 | D:4      | Killed an ice beast
  2624 | D:4      | Reached skill level 6 in Axes
  2800 | D:4      | Reached skill level 5 in Armour
  2800 | D:4      | Reached XP level 7. HP: 61/61 MP: 7/7
  2803 | D:4      | Reached skill level 7 in Axes
  3399 | D:5      | Entered Level 5 of the Dungeon
  3497 | D:5      | Noticed Blork the orc
  3504 | D:5      | Killed Blork the orc
  3841 | D:5      | Reached skill level 8 in Axes
  3841 | D:5      | Reached XP level 8. HP: 35/70 MP: 8/8
  3855 | D:5      | Found Wuarph's Self-Published Books.
  4778 | D:5      | Reached skill level 5 in Shields
  5486 | D:6      | Became a worshipper of Beogh the Brigand
  5580 | D:6      | Reached skill level 9 in Axes
  5875 | D:6      | Reached XP level 9. HP: 74/78 MP: 9/9
  6289 | D:7      | Noticed Joseph
  6301 | D:7      | Slain by Joseph

Illustrated notes

Levels and vault maps discovered:
D:1:      mrwooster_arrival_statue, layout_rooms
D:2:      layout_loops_ring, basic_altar, shapermc_ecumenical_altar_flowoftime,
          uniq_natasha
D:3:      layout_basic, uniq_jessica
D:4:      layout_loops_ring, nicolae_titane
D:5:      layout_basic, hangedman_abyss_or_decor_jellyfish_corner,
          nicolae_custom_books, uniq_blork_the_orc
D:6:      layout_loops_ring
D:7:      layout_loops_ring, marbit_many_paths, lemuel_temple_firewalk_b,
          uniq_joseph

Skill      XL: |  1  2  3  4  5  6  7  8 |
---------------+-------------------------+-----
Axes           | 3 4 5 6 8 9 |  9.6
Fighting       | 4 5 6 |  6.9
Armour         | 4 5 6 |  6.6
Dodging        | 1 2 |  2.7
Shields        | 4 5 |  5.9
Stealth        | |  0.3
Invocations    | |  0.7
Evocations     | |  0.1

Action                     |  1- 3 |  4- 6 |  7- 9 || total
---------------------------+-------+-------+-------++-------
  Melee: War axe           |    89 |   153 |   231 ||   473
 Invoke: Convert to Beogh  |       |       |     1 ||     1
  Evoke: Wand              |       |       |     3 ||     3
 Armour: Scale mail        |    82 |   115 |   158 ||   355
  Dodge: Dodged            |    54 |    59 |   101 ||   214
  Block: Buckler           |    21 |    33 |    32 ||    86
         Tower shield      |       |       |    55 ||    55

Table legend: (Time is in decaauts)
 A = Elapsed time spent in this place.
 B = Non-inter-level travel time spent in this place.
 C = Inter-level travel time spent in this place.
 D = Time resting spent in this place.
 E = Time spent auto-exploring this place.
 F = Levels seen in this place.
 G = Mean time per level.
                   A        B        C        D        E       F      G
               +--------+--------+--------+--------+--------+-----+--------+
         Total |   6430 |   5898 |    532 |     86 |   4820 |   7 |  918.6 |
       Dungeon |   6430 |   5898 |    532 |     86 |   4820 |   7 |  918.6 |
               +--------+--------+--------+--------+--------+-----+--------+

Top non-repeatable levels by time:
     D:5: 1878 daAuts
     D:2: 1305 daAuts
     D:4: 950 daAuts
     D:6: 905 daAuts
     D:1: 696 daAuts
     D:3: 679 daAuts
     D:7: 14 daAuts
